 Dungeon Crawl Stone Soup version 0.29.0-15-g675c0067aa (webtiles) character file.

Game seed: 17211642472658583610

147390 qw the Peltast (level 17, -1/106 HPs)
             Began as a Gargoyle Fighter on Sept 12, 2022.
             Was a High Priest of Okawaru.
             Slain by an ogre mage
             ... wielding a +2 whip of draining
              (6 damage)
             ... on level 15 of the Dungeon.
             The game lasted 00:08:58 (22656 turns).

qw the Peltast (Gargoyle Fighter)                  Turns: 22656, Time: 00:08:58

Health: -1/106     AC: 41    Str: 28    XL:     17   Next: 46%
Magic:  24/24      EV: 10    Int:  9    God:    Okawaru [*****.]
Gold:   272        SH: 26    Dex:  7    Spells: 16/16 levels left

rFire   + . .      SeeInvis .   g - +9 broad axe "Nafido" {vorpal, rElec Dex-2 Stlth+}
rCold   + . .      Faith    .   y - +1 tower shield {rPois}
rNeg    + . .      Spirit   .   G - +2 chain mail {rC+}
rPois   inf        Reflect  +   s - +2 helmet
rElec   +          Harm     .   k - +0 cloak
rCorr   .          Rampage  .   b - +1 pair of gloves
Will    +....                   r - +0 pair of boots
Stlth   ..........              i - amulet of reflection
HPRegen 0.27/turn               o - +4 ring of protection
MPRegen 0.19/turn               l - ring of protection from fire

@: heroic, flying
A: sickness immunity, AC +12, big wings, negative energy resistance 1,
electricity resistance, torment resistance 1, petrification resistance
a: Renounce Religion, Heroism, Finesse, Duel


You were on level 15 of the Dungeon.
You worshipped Okawaru.
Okawaru was extremely pleased with you.
You visited 3 branches of the dungeon, and saw 21 of its levels.

You collected 1540 gold pieces.
You spent 1268 gold pieces at shops.


Innate Abilities, Weirdness & Mutations

You are immune to sickness and miasma.
Your stone body is resilient. (AC +12)
You are immune to poison.
Your large and strong wings let you fly.
You resist negative energy. (rN+)
You are resistant to electric shocks. (rElec)
You are resistant to unholy torment.
You are immune to petrification.


   Skills:
 - Level 12.0(17.0) Fighting
 - Level 16.0(21.0) Axes
 - Level 6.0(11.0) Throwing
 - Level 10.0(15.0) Armour
 - Level 3.0(8.0) Dodging
 + Level 16.9(21.9) Shields
 - Level 10.0 Invocations


You had 16 spell levels left.
You didn't know any spells.
Your spell library was empty.

Inventory:

Hand Weapons
 g - the +9 broad axe "Nafido" (weapon) {vorpal, rElec Dex-2 Stlth+}
   (You acquired it on level 2 of the Dungeon)

   It inflicts extra damage upon your enemies.
   Dex:       It affects your dexterity (-2).
   rElec:     It insulates you from electricity.
   Stlth:     It makes you more stealthy.
 p - a +2 hand axe of flaming
Missiles
 f - 2 boomerangs of dispersal
 w - a silver javelin
 D - 5 javelins (quivered)
 E - 2 boomerangs
Armour
 b - a +1 pair of gloves (worn)
 k - a +0 cloak (worn)
 r - a +0 pair of boots (worn)
 s - a +2 helmet (worn)
 x - +0 fire dragon scales
 y - a +1 tower shield of poison resistance (worn)
 G - a +2 chain mail of cold resistance (worn)
 I - a +0 plate armour
Jewellery
 i - an amulet of reflection (around neck)
 l - a ring of protection from fire (right hand)
 o - a +4 ring of protection (left hand)
 A - the ring "Doicealy" {rElec Dex+6}
   (You acquired it on level 11 of the Dungeon)

   [ring of dexterity]

   Dex:       It affects your dexterity (+6).
   rElec:     It insulates you from electricity.
 B - a ring of resist corrosion
 C - a ring of resist corrosion
Wands
 m - a wand of digging (1)
Scrolls
 j - 15 scrolls of identify
 t - 2 scrolls of blinking
 u - 3 scrolls of enchant weapon
Potions
 a - 2 potions of cancellation
 c - a potion of magic
 d - 6 potions of might
 e - 8 potions of attraction
 n - 2 potions of lignification
 q - 5 potions of curing
 v - 2 potions of mutation
 z - 4 potions of haste

Dungeon Overview and Level Annotations

Branches:
Dungeon (15/15)            Temple (1/1) D:6            Lair (5/5) D:10
 Shoals (0/4) Lair:2        Snake (0/4) Lair:2        Slime (0/5) Lair:5
    Orc (0/2) D:10         Vaults (0/5) D:13
 Depths: D:15

Altars:
Ashenzari
Cheibriados
Dithmenos
Elyvilon
Fedhas
Gozag
Hepliaklqana
Kikubaaqudgha
Makhleb
Nemelex Xobeh
Okawaru
Qazlal
Ru
Sif Muna
Trog
Uskayaw
Vehumet
Wu Jian
Xom
Yredelemnul
Zin
The Shining One
Lugonu

Shops:
D:1 [   D:7 [   D:8 [   D:9 =*(   D:13 (*[

Portals:
Abyss: Lair:5
Ice
Cave: D:12

Annotations:
D:4 1 runed translucent door, qw's ghost, novice GrFi
D:14 2 transporters, Wociock's ghost, journeyman DgHW


Message History

The green ugly thing is almost dead.
You slash the two-headed ogre! You hit something. You slash the ogre!
You slash the orc warrior! You miss the rakshasa.
You slash the cyan ugly thing!
You kill the cyan ugly thing!
Okawaru accepts your kill. Okawaru grants you armour!
Something appears at your feet!
You see here a +2 robe of willpower.
You block the green ugly thing's attack.
A great orb of eyes comes into view.
The orc warrior hits you but does no damage.
You block the rakshasa's attack.
The skeletal warrior hits you but does no damage.
Something hits you but does no damage.
You block the skeletal warrior's attack.
You block the two-headed ogre's attack.
The two-headed ogre hits you but does no damage.
You hit the green ugly thing.
You kill the green ugly thing!
Okawaru accepts your kill.
You closely miss the rakshasa. You slash the ogre!
You kill the ogre!
Okawaru accepts your kill.
You hit the two-headed ogre. You closely miss something.
You barely miss the ogre. You hit the orc warrior.
The sentinel's mark upon you fades away.
You block the skeletal warrior's attack.
The skeletal warrior hits you from afar with a +2 trident of venom.
You block the orc warrior's attack. The rakshasa hits you with a +0 whip!
The ogre barely misses you.
You dice the two-headed ogre like an onion!!!
You kill the two-headed ogre!
Okawaru accepts your kill.
You hit something. You slice the ogre!!
You kill the ogre!
The ogre's corpse shimmers and vanishes!
You slash the orc warrior!
You kill the orc warrior!
Okawaru accepts your kill.
You slash the rakshasa! You barely miss the two-headed ogre.
Something hits you.
You die...

..#._. ...#.#. #.#....
....#. .....#. ......
...~... ...#.. .#....~
...##############...~...
..................z...#.
...............))O......
####...........%@{z.....
...#...........R))......
........................
............[...........
............<...........
........................
###############G...#....
.....#.... ....#


You could see a great orb of eyes, a rakshasa, 2 skeletal warriors and a
two-headed ogre.

Vanquished Creatures
  Kirke (D:15)
  A tengu reaver (D:14)
  Roxanne (D:15)
  2 very ugly things (D:14)
  Josephine (D:15)
  A fire dragon (D:14)
  Erolcha (D:12)
  4 vault guards (D:13)
  7 hydras
  6 boulder beetles
  An ogre mage (D:15)
  5 centaur warriors
  A tengu warrior (D:14)
  8 two-headed ogres
  A shock serpent (D:14)
  6 death yaks (Lair:3)
  3 thrashing horrors (Lair:5)
  Amaemon (Lair:3)
  3 skeletal warriors (D:15)
  An orc knight (D:15)
  5 deep elf pyromancers
  A deep elf zephyrmancer (D:14)
  A large abomination (Lair:5)
  18 ugly things
  4 cyclopes
  6 slime creatures
  An oklob plant (Lair:3)
  6 elephants (Lair:5)
  3 merfolk sirens (Lair:2)
  A smoke demon (Lair:5)
  2 gargoyles
  A black mamba (Lair:3)
  11 cane toads
  An orange demon (Lair:3)
  2 unseen horrors
  4 efreet
  A rime drake (shapeshifter) (Lair:5)
  3 rime drakes
  14 komodo dragons
  3 kobold demonologists
  2 tengu conjurers
  A merfolk (Lair:2)
  A polar bear (Lair:5)
  An ancient zyme (Lair:5)
  5 trolls
  Grinder (D:5)
  A raiju (shapeshifter) (D:13)
  5 dream sheep (Lair:5)
  29 blink frogs
  20 yaks
  A centaur simulacrum (D:15)
  A water elemental (D:15)
  5 wraiths
  4 ynoxinuls (Lair:5)
  An air elemental (D:14)
  A spriggan (Lair:5)
  3 basilisks
  2 shadows
  6 hogs (D:15)
  A spriggan (shapeshifter) (Lair:5)
  2 vampires
  6 wyverns
  Eustachio (D:5)
  A steam dragon (D:5)
  8 vampire mosquitoes
  2 acid dragons
  22 water moccasins
  4 nagas (Lair:2)
  Duvessa (D:7)
  10 orc warriors
  2 ice beasts
  A sky beast (D:8)
  A black bear (D:5)
  5 ogres
  16 wolves
  9 centaurs
  A phantom (D:5)
  5 kobold brigands
  2 gnoll sergeants
  3 necrophages
  8 small abominations (Lair:5)
  13 bullfrogs
  An earth elemental (D:14)
  2 scorpions
  5 wights (D:5)
  Dowan (D:7)
  7 killer bees
  4 howler monkeys
  2 electric eels (Lair:1)
  A hound (D:7)
  10 orc priests
  4 jellies
  5 iguanas
  15 orc wizards
  Terence (D:2)
  Robin (D:4)
  9 gnolls
  8 adders
  2 shadow imps
  3 white imps
  2 ufetubi (D:5)
  2 worms (D:3)
  2 dart slugs
  30 orcs
  7 ball pythons
  9 endoplasms
  8 goblins
  12 hobgoblins
  2 jackals (D:4)
  20 kobolds
  3 quokkas
  2 bats
  14 rats
551 creatures vanquished.

Vanquished Creatures (others)
  A human (D:15)
  A kobold (D:12)
  30 fungi
  28 plants
60 creatures vanquished.

Grand Total: 611 creatures vanquished

Notes
Turn   | Place    | Note
-------+----------+-------------------------------------------
     0 | D:1      | qw the Gargoyle Fighter began the quest for the Orb.
     0 | D:1      | Reached XP level 1. HP: 14/14 MP: 1/1
     0 | D:1      | 0 ||| qw: Version: 0.1-a-119-g272c26d
     0 | D:1      | 0 ||| qw: Game counter: 10992
     0 | D:1      | 0 ||| qw: Always use a shield: true
     0 | D:1      | 0 ||| qw: God list: Okawaru
     0 | D:1      | 0 ||| qw: Allow faded altars: false
     0 | D:1      | 0 ||| qw: Do Orc after D:15 true
     0 | D:1      | 0 ||| qw: Do second Lair branch before Depths: true
     0 | D:1      | 0 ||| qw: Lair rune preference: random
     0 | D:1      | 0 ||| qw: Plans: Normal, Zot, God:TSO, Crypt, Tomb, Pan,
                  | Slime, Hells, Zig, Abyss, Orb
     0 | D:1      | 0 ||| PLANNING D:1-11
    50 | D:1      | 50 ||| Stepping ~*~*~tactically~*~*~ (hiding).
   193 | D:1      | Reached XP level 2. HP: 12/19 MP: 2/2
   620 | D:1      | Found Uzeicasm's Antique Armour Shop.
   629 | D:1      | 629 ||| SHOPLISTING glowing helmet (180 gold, have 64).
   629 | D:1      | 629 ||| SHOPLISTING runed scarf (192 gold, have 64).
   629 | D:1      | 629 ||| SHOPLISTING scorched helmet (228 gold, have 64).
   647 | D:1      | Reached skill level 3 in Axes
   811 | D:1      | Reached XP level 3. HP: 23/23 MP: 3/3
   811 | D:1      | 811 ||| READING scroll labelled SUECEDES USTIU.
   812 | D:1      | 812 ||| READING scroll labelled VIEPI ECUIT.
   813 | D:1      | 813 ||| DRINKING 3 bubbling black potions.
  1063 | D:2      | 1063 ||| Stepping ~*~*~tactically~*~*~ (stealth).
  1121 | D:2      | Noticed Terence
  1131 | D:2      | Killed Terence
  1132 | D:2      | Reached XP level 4. HP: 22/28 MP: 4/4
  1604 | D:2      | 1604 ||| UPGRADING to +0 cloak.
  1609 | D:2      | 1609 ||| UPGRADING to ring of protection from fire.
  1610 | D:2      | 1610 ||| UPGRADING to ring of resist corrosion.
  1611 | D:2      | 1611 ||| READING scroll labelled HUGOET ALATOOD.
  1612 | D:2      | 1612 ||| READING scroll labelled PEQOB ANORU.
  1612 | D:2      | Identified a scroll of acquirement
  1612 | D:2      | 1612 ||| ACQUIRING +9 broad axe "Nafido" {vorpal, rElec
                  | Dex-2 Stlth+}
  1612 | D:2      | Acquired the +9 broad axe "Nafido" {vorpal, rElec Dex-2
                  | Stlth+}
  1614 | D:2      | 1614 ||| SWAPPING to +9 broad axe "Nafido" {vorpal, rElec
                  | Dex-2 Stlth+}.
  1615 | D:2      | 1615 ||| DROPPING +0 war axe.
  1616 | D:2      | 1616 ||| READING scroll labelled HEATEERCHAMP.
  1617 | D:2      | 1617 ||| READING scroll labelled GIQOSO MEA.
  1620 | D:2      | 1620 ||| READING scroll labelled GETUGO VOSETIPS.
  1797 | D:3      | 1797 ||| Stepping ~*~*~tactically~*~*~ (stealth).
  1876 | D:3      | 1876 ||| FLEEEEING.
  1877 | D:3      | 1877 ||| FLEEEEING.
  1878 | D:3      | 1878 ||| FLEEEEING.
  1879 | D:3      | 1879 ||| FLEEEEING.
  1880 | D:3      | 1880 ||| FLEEEEING.
  1881 | D:3      | 1881 ||| FLEEEEING.
  1882 | D:3      | 1882 ||| FLEEEEING.
  1884 | D:3      | 1884 ||| FLEEEEING.
  1885 | D:3      | 1885 ||| FLEEEEING.
  1886 | D:3      | 1886 ||| FLEEEEING.
  1887 | D:3      | 1887 ||| FLEEEEING.
  1888 | D:3      | 1888 ||| FLEEEEING.
  1889 | D:3      | 1889 ||| FLEEEEING.
  1890 | D:3      | 1890 ||| FLEEEEING.
  1891 | D:3      | 1891 ||| STAIRDANCE
  1929 | D:2      | 1929 ||| READING scroll labelled UDUS BAUHINIE.
  1934 | D:3      | 1934 ||| STAIRDANCE
  2295 | D:3      | Found an opulent altar of Gozag.
  2298 | D:3      | 2298 ||| Stepping ~*~*~tactically~*~*~ (stealth).
  2301 | D:3      | 2301 ||| FLEEEEING.
  2302 | D:3      | 2302 ||| FLEEEEING.
  2386 | D:3      | Found a stormy altar of Qazlal.
  2464 | D:3      | Reached XP level 5. HP: 32/32 MP: 5/5
  2474 | D:3      | 2474 ||| DROPPING +0 flail.
  2610 | D:3      | 2610 ||| DROPPING orb of energy.
  2611 | D:3      | 2611 ||| UPGRADING to amulet of reflection.
  2616 | D:3      | 2616 ||| DRINKING 2 lumpy inky potions.
  2617 | D:3      | 2617 ||| READING 4 scrolls of identify.
  2617 | D:3      | 2617 ||| IDENTIFYING inky potion
  2618 | D:3      | 2618 ||| READING 3 scrolls of identify.
  2618 | D:3      | 2618 ||| IDENTIFYING green potion
  2619 | D:3      | 2619 ||| READING 2 scrolls of identify.
  2619 | D:3      | 2619 ||| IDENTIFYING bubbling inky potion
  2620 | D:3      | 2620 ||| DROPPING potion of brilliance.
  2688 | D:4      | 2688 ||| Stepping ~*~*~tactically~*~*~ (hiding).
  2889 | D:4      | Found a runed translucent door.
  2892 | D:4      | Noticed qw's ghost (novice GrFi)
  2918 | D:4      | 2918 ||| Stepping ~*~*~tactically~*~*~ (stealth).
  3171 | D:4      | Noticed Robin
  3187 | D:4      | Killed Robin
  3324 | D:4      | Reached XP level 6. HP: 38/38 MP: 6/6
  3385 | D:4      | Found a glowing silver altar of Zin.
  3457 | D:4      | You fall into a shaft and drop 3 floors!
  3559 | D:7      | 3559 ||| DRINKING potion of curing.
  3559 | D:7      | 3559 ||| (to cure confusion)
  3564 | D:7      | Reached skill level 6 in Axes
  3682 | D:7      | Found Hohucuor's Antique Armour Shoppe.
  3715 | D:7      | 3715 ||| BUYING crude scale mail (207 gold).
  3715 | D:7      | Bought a crude scale mail for 207 gold pieces
  3715 | D:7      | Identified the +4 scale mail of the Gloaming {Harm Rampage
                  | Dex-2} (You bought it in a shop on level 7 of the Dungeon)
  3715 | D:7      | 3715 ||| SHOPLISTING glowing ring mail (161 gold, have 62).
  3715 | D:7      | 3715 ||| SHOPLISTING plate armour (529 gold, have 62).
  3722 | D:7      | 3722 ||| Stepping ~*~*~tactically~*~*~ (stealth).
  3727 | D:7      | Reached XP level 7. HP: 43/43 MP: 7/7
  4017 | D:7      | Noticed Duvessa
  4017 | D:7      | Noticed Dowan
  4024 | D:7      | Killed Dowan
  4027 | D:7      | Killed Duvessa
  4028 | D:7      | Reached skill level 1 in Dodging
  4028 | D:7      | Reached XP level 8. HP: 37/49 MP: 8/8
  4165 | D:7      | 4165 ||| UPGRADING to +0 pair of boots.
  4170 | D:7      | 4170 ||| UPGRADING to +0 helmet.
  4175 | D:7      | 4175 ||| DROPPING +6 ring of intelligence.
  4176 | D:7      | 4176 ||| READING scroll labelled ATEGOI JUKKAAQUWI.
  4177 | D:7      | 4177 ||| READING scroll labelled CEITOK FOAN.
  4178 | D:7      | 4178 ||| READING scroll labelled HASMIS UCUTROO.
  4179 | D:7      | 4179 ||| READING scroll labelled XUAQUST ZIVAHIUKED.
  4180 | D:7      | 4180 ||| DRINKING 3 smoky dark potions.
  4181 | D:7      | 4181 ||| READING 5 scrolls of identify.
  4181 | D:7      | 4181 ||| IDENTIFYING red potion
  4182 | D:7      | 4182 ||| DROPPING 2 potions of degeneration.
  4183 | D:7      | 4183 ||| DROPPING potion of flight.
  4291 | D:6      | 4291 ||| STAIRDANCE
  4292 | D:5      | Entered Level 5 of the Dungeon
  4318 | D:5      | 4318 ||| Stepping ~*~*~tactically~*~*~ (stealth).
  4319 | D:5      | 4319 ||| Stepping ~*~*~tactically~*~*~ (stealth).
  4349 | D:5      | Noticed Grinder
  4354 | D:5      | Killed Grinder
  4355 | D:5      | Reached skill level 6 in Fighting
  4430 | D:5      | 4430 ||| READING 3 scrolls labelled NODAN SOTTANAA.
  4431 | D:5      | 4431 ||| READING 2 scrolls of enchant armour.
  4431 | D:5      | 4431 ||| ENCHANTING +0 helmet.
  4432 | D:5      | 4432 ||| READING scroll of enchant armour.
  4432 | D:5      | 4432 ||| ENCHANTING +1 helmet.
  4530 | D:5      | 4530 ||| Stepping ~*~*~tactically~*~*~ (hiding).
  4542 | D:5      | Reached XP level 9. HP: 38/56 MP: 9/9
  4545 | D:5      | Reached skill level 9 in Axes
  4635 | D:5      | 4635 ||| Stepping ~*~*~tactically~*~*~ (stealth).
  4643 | D:5      | 4643 ||| Stepping ~*~*~tactically~*~*~ (stealth).
  4736 | D:5      | Identified the +0 whip of Dung {drain, Fly}
  4748 | D:5      | 4748 ||| FLEEEEING.
  4749 | D:5      | 4749 ||| FLEEEEING.
  4750 | D:5      | 4750 ||| FLEEEEING.
  4751 | D:5      | 4751 ||| FLEEEEING.
  4752 | D:5      | 4752 ||| FLEEEEING.
  4753 | D:5      | 4753 ||| FLEEEEING.
  4754 | D:5      | 4754 ||| FLEEEEING.
  4755 | D:5      | 4755 ||| FLEEEEING.
  4756 | D:5      | 4756 ||| FLEEEEING.
  4757 | D:5      | 4757 ||| FLEEEEING.
  4759 | D:5      | 4759 ||| FLEEEEING.
  4760 | D:5      | 4760 ||| FLEEEEING.
  4761 | D:5      | 4761 ||| FLEEEEING.
  4762 | D:5      | 4762 ||| STAIRDANCE
  4866 | D:5      | Noticed Eustachio
  4877 | D:5      | Killed Eustachio
  4894 | D:5      | 4894 ||| FLEEEEING.
  4895 | D:5      | 4895 ||| FLEEEEING.
  4896 | D:5      | 4896 ||| FLEEEEING.
  4897 | D:5      | 4897 ||| FLEEEEING.
  4899 | D:5      | 4899 ||| FLEEEEING.
  4900 | D:5      | 4900 ||| FLEEEEING.
  4901 | D:5      | 4901 ||| FLEEEEING.
  4902 | D:5      | 4902 ||| FLEEEEING.
  4906 | D:5      | 4906 ||| STAIRDANCE
  5071 | D:5      | 5071 ||| Stepping ~*~*~tactically~*~*~ (stealth).
  5073 | D:5      | 5073 ||| Stepping ~*~*~tactically~*~*~ (hiding).
  5074 | D:5      | 5074 ||| Stepping ~*~*~tactically~*~*~ (hiding).
  5075 | D:5      | 5075 ||| Stepping ~*~*~tactically~*~*~ (hiding).
  5144 | D:5      | 5144 ||| Stepping ~*~*~tactically~*~*~ (hiding).
  5661 | D:6      | Reached skill level 1 in Throwing
  5767 | D:6      | Found a staircase to the Ecumenical Temple.
  5768 | D:6      | 5768 ||| PLANNING TEMPLE
  5768 | D:6      | 5768 ||| READING 6 scrolls of identify.
  5768 | D:6      | 5768 ||| IDENTIFYING grey potion
  5769 | D:6      | 5769 ||| READING 5 scrolls of identify.
  5769 | D:6      | 5769 ||| IDENTIFYING white potion
  5770 | D:6      | 5770 ||| DROPPING potion of magic.
  5819 | Temple   | Entered the Ecumenical Temple
  6152 | Temple   | 6152 ||| PLANNING D:1-11
  6187 | Temple   | Became a worshipper of Warmaster Okawaru
  6509 | D:7      | 6509 ||| Stepping ~*~*~tactically~*~*~ (stealth).
  6616 | D:7      | 6616 ||| UPGRADING to +0 chain mail.
  6626 | D:7      | 6626 ||| DROPPING +0 scale mail.
  6627 | D:7      | 6627 ||| DROPPING +4 scale mail of the Gloaming {Harm
                  | Rampage Dex-2}.
  6628 | D:7      | 6628 ||| Stepping randomly (stuck).
  6641 | D:7      | 6641 ||| UPGRADING to +0 pair of gloves.
  6646 | D:7      | 6646 ||| Stepping randomly (stuck).
  6647 | D:7      | 6647 ||| Stepping randomly (stuck).
  6648 | D:7      | 6648 ||| Stepping randomly (stuck).
  6649 | D:7      | 6649 ||| Stepping randomly (stuck).
  6650 | D:7      | 6650 ||| Stepping randomly (stuck).
  6651 | D:7      | 6651 ||| Stepping randomly (stuck).
  6652 | D:7      | 6652 ||| Stepping randomly (stuck).
  6653 | D:7      | 6653 ||| Stepping randomly (stuck).
  6659 | D:7      | 6659 ||| Stepping randomly (stuck).
  6661 | D:7      | 6661 ||| Stepping randomly (stuck).
  6694 | D:7      | 6694 ||| Stepping randomly (stuck).
  6695 | D:7      | 6695 ||| Stepping randomly (stuck).
  6696 | D:7      | 6696 ||| Stepping randomly (stuck).
  6712 | D:7      | 6712 ||| READING scroll labelled ICHINW NIXKUNG.
  6774 | D:7      | 6774 ||| Stepping randomly (stuck).
  6776 | D:7      | 6776 ||| Stepping randomly (stuck).
  6778 | D:7      | 6778 ||| Stepping randomly (stuck).
  6779 | D:7      | 6779 ||| Stepping randomly (stuck).
  6781 | D:7      | 6781 ||| Stepping randomly (stuck).
  6782 | D:7      | 6782 ||| Stepping randomly (stuck).
  6784 | D:7      | 6784 ||| Stepping randomly (stuck).
  6785 | D:7      | 6785 ||| Stepping randomly (stuck).
  6786 | D:7      | 6786 ||| Stepping randomly (stuck).
  6787 | D:7      | 6787 ||| Stepping randomly (stuck).
  6788 | D:7      | 6788 ||| Stepping randomly (stuck).
  6789 | D:7      | 6789 ||| Stepping randomly (stuck).
  6790 | D:7      | 6790 ||| Stepping randomly (stuck).
  6798 | D:7      | 6798 ||| Stepping randomly (stuck).
  6799 | D:7      | 6799 ||| Stepping randomly (stuck).
  6800 | D:7      | 6800 ||| Stepping randomly (stuck).
  6801 | D:7      | 6801 ||| Stepping randomly (stuck).
  6802 | D:7      | 6802 ||| Stepping randomly (stuck).
  6804 | D:7      | 6804 ||| Stepping randomly (stuck).
  6806 | D:7      | 6806 ||| Stepping randomly (stuck).
  7021 | D:8      | 7021 ||| STAIRDANCE
  7032 | D:8      | 7032 ||| STAIRDANCE
  7254 | D:8      | Reached skill level 6 in Armour
  7263 | D:8      | Reached * piety under Okawaru
  7264 | D:8      | 7264 ||| INVOKING Heroism.
  7267 | D:8      | Reached XP level 10. HP: 22/63 MP: 7/10
  7271 | D:8      | 7271 ||| FLEEEEING.
  7273 | D:8      | 7273 ||| FLEEEEING.
  7274 | D:8      | 7274 ||| FLEEEEING.
  7275 | D:8      | 7275 ||| FLEEEEING.
  7276 | D:8      | 7276 ||| FLEEEEING.
  7277 | D:8      | 7277 ||| FLEEEEING.
  7278 | D:8      | 7278 ||| FLEEEEING.
  7279 | D:8      | 7279 ||| FLEEEEING.
  7280 | D:8      | 7280 ||| INVOKING Heroism.
  7286 | D:8      | Reached skill level 1 in Invocations
  7288 | D:8      | 7288 ||| STAIRDANCE
  7461 | D:7      | 7461 ||| Stepping ~*~*~tactically~*~*~ (stealth).
  7462 | D:7      | 7462 ||| Stepping ~*~*~tactically~*~*~ (stealth).
  7468 | D:7      | 7468 ||| READING 7 scrolls of identify.
  7468 | D:7      | 7468 ||| IDENTIFYING murky purple potion
  7469 | D:7      | 7469 ||| DROPPING potion of ambrosia.
  7471 | D:7      | 7471 ||| INVOKING Heroism.
  7558 | D:8      | Found Rajitt's Armour Shoppe.
  7589 | D:8      | 7589 ||| DRINKING 2 potions of curing.
  7589 | D:8      | 7589 ||| (to cure confusion)
  7610 | D:8      | 7610 ||| Stepping ~*~*~tactically~*~*~ (hiding).
  7750 | D:8      | 7750 ||| Stepping ~*~*~tactically~*~*~ (stealth).
  7751 | D:8      | 7751 ||| Stepping ~*~*~tactically~*~*~ (stealth).
  7752 | D:8      | 7752 ||| Stepping ~*~*~tactically~*~*~ (stealth).
  7756 | D:8      | 7756 ||| INVOKING Heroism.
  7759 | D:8      | Noticed a kobold demonologist
  7762 | D:8      | Killed a kobold demonologist
  7763 | D:8      | Reached skill level 3 in Invocations
  7853 | D:8      | Reached ** piety under Okawaru
  8001 | D:8      | 8001 ||| READING 8 scrolls of identify.
  8001 | D:8      | 8001 ||| IDENTIFYING purple potion
  8031 | D:9      | 8031 ||| Stepping ~*~*~tactically~*~*~ (hiding).
  8033 | D:9      | 8033 ||| Stepping ~*~*~tactically~*~*~ (hiding).
  8103 | D:9      | Killed an unseen horror
  8212 | D:9      | 8212 ||| INVOKING Heroism.
  8577 | D:9      | Found Wanizoqi's General Store.
  8580 | D:9      | 8580 ||| BUYING potion of curing (36 gold).
  8580 | D:9      | Bought a potion of curing for 36 gold pieces
  8580 | D:9      | 8580 ||| BUYING scroll of identify (24 gold).
  8580 | D:9      | Bought a scroll of identify for 24 gold pieces
  8580 | D:9      | 8580 ||| BUYING scroll of teleportation (36 gold).
  8580 | D:9      | Bought a scroll of teleportation for 36 gold pieces
  8594 | D:9      | Found Wonivosusch's Jewellery Shoppe.
  8603 | D:9      | 8603 ||| SHOPLISTING +4 ring of protection (468 gold, have
                  | 175).
  8603 | D:9      | 8603 ||| SHOPLISTING +6 ring of strength (468 gold, have
                  | 175).
  8603 | D:9      | 8603 ||| SHOPLISTING ring of positive energy (260 gold,
                  | have 175).
  8603 | D:9      | 8603 ||| SHOPLISTING ring of protection from fire (325
                  | gold, have 175).
  8603 | D:9      | 8603 ||| SHOPLISTING ring of see invisible (195 gold, have
                  | 175).
  8603 | D:9      | 8603 ||| SHOPLISTING ring of willpower (325 gold, have
                  | 175).
  8685 | D:9      | 8685 ||| Stepping ~*~*~tactically~*~*~ (hiding).
  8686 | D:9      | 8686 ||| Stepping ~*~*~tactically~*~*~ (hiding).
  8911 | D:9      | Found Huqec's Antique Weapon Shoppe.
  8955 | D:9      | 8955 ||| Stepping ~*~*~tactically~*~*~ (stealth).
  9022 | D:9      | 9022 ||| DROPPING orb of wrath.
  9023 | D:9      | 9023 ||| READING 8 scrolls of identify.
  9023 | D:9      | 9023 ||| IDENTIFYING coppery potion
  9107 | D:8      | 9107 ||| BUYING +0 tower shield (58 gold).
  9107 | D:8      | Bought a +0 tower shield for 58 gold pieces
  9107 | D:8      | 9107 ||| BUYING +1 tower shield of poison resistance (175
                  | gold).
  9107 | D:8      | Bought a +1 tower shield of poison resistance for 175 gold
                  | pieces
  9107 | D:8      | 9107 ||| UPGRADING to +0 tower shield.
  9117 | D:8      | 9117 ||| DROPPING +0 buckler.
  9118 | D:8      | 9118 ||| UPGRADING to +1 tower shield of poison resistance.
  9128 | D:8      | 9128 ||| DROPPING +0 tower shield.
  9163 | D:10     | Entered Level 10 of the Dungeon
  9165 | D:10     | Noticed a boulder beetle
  9166 | D:10     | 9166 ||| INVOKING Heroism.
  9185 | D:10     | Killed a boulder beetle
  9185 | D:10     | Reached *** piety under Okawaru
  9186 | D:10     | Reached skill level 6 in Shields
  9331 | D:10     | Found a staircase to the Orcish Mines.
  9334 | D:10     | 9334 ||| Stepping ~*~*~tactically~*~*~ (stealth).
  9339 | D:10     | 9339 ||| INVOKING Heroism.
  9347 | D:10     | Reached XP level 11. HP: 64/68 MP: 12/14
  9373 | D:10     | 9373 ||| Stepping ~*~*~tactically~*~*~ (hiding).
  9378 | D:10     | 9378 ||| INVOKING Heroism.
  9392 | D:10     | Reached skill level 9 in Shields
  9436 | D:10     | 9436 ||| FLEEEEING.
  9489 | D:10     | 9489 ||| Stepping ~*~*~tactically~*~*~ (stealth).
  9491 | D:10     | 9491 ||| Stepping ~*~*~tactically~*~*~ (hiding).
  9493 | D:10     | 9493 ||| DRINKING potion of cancellation.
  9494 | D:10     | 9494 ||| INVOKING Heroism.
  9657 | D:10     | 9657 ||| Stepping ~*~*~tactically~*~*~ (stealth).
  9660 | D:10     | 9660 ||| INVOKING Heroism.
  9689 | D:10     | Noticed a two-headed ogre
  9690 | D:10     | 9690 ||| INVOKING Heroism.
  9693 | D:10     | Noticed a centaur warrior
  9698 | D:10     | Killed a centaur warrior
  9698 | D:10     | Reached **** piety under Okawaru
  9700 | D:10     | Killed a two-headed ogre
  9700 | D:10     | HP: 9/68 [komodo dragon (18)]
  9701 | D:10     | 9701 ||| READING 2 scrolls of teleportation.
  9702 | D:10     | 9702 ||| DRINKING 3 potions of heal wounds.
  9703 | D:10     | Received a gift from Okawaru
  9766 | D:10     | 9766 ||| Stepping ~*~*~tactically~*~*~ (stealth).
  9779 | D:10     | 9779 ||| Stepping ~*~*~tactically~*~*~ (stealth).
  9781 | D:10     | 9781 ||| INVOKING Heroism.
  9809 | D:10     | 9809 ||| Invisible monster not found???
 10038 | D:10     | Found a staircase to the Lair.
 10205 | D:10     | 10205 ||| PLANNING LAIR
 10205 | D:10     | 10205 ||| READING scroll labelled UNGOKHOENK.
 10254 | Lair:1   | Entered Level 1 of the Lair of Beasts
 10276 | Lair:1   | 10276 ||| INVOKING Heroism.
 10310 | Lair:1   | 10310 ||| INVOKING Heroism.
 10494 | Lair:1   | 10494 ||| INVOKING Heroism.
 10526 | Lair:1   | Reached skill level 6 in Invocations
 10532 | Lair:1   | 10532 ||| INVOKING Heroism.
 10622 | Lair:1   | 10622 ||| INVOKING Heroism.
 10623 | Lair:1   | Noticed a six-headed hydra
 10624 | Lair:1   | 10624 ||| SWAPPING to +2 hand axe of flaming.
 10633 | Lair:1   | Killed a one-headed hydra
 10634 | Lair:1   | 10634 ||| SWAPPING to +9 broad axe "Nafido" {vorpal, rElec
                  | Dex-2 Stlth+}.
 10812 | Lair:1   | 10812 ||| Stepping ~*~*~tactically~*~*~ (stealth).
 10818 | Lair:1   | 10818 ||| INVOKING Heroism.
 10845 | Lair:1   | 10845 ||| Stepping ~*~*~tactically~*~*~ (stealth).
 10907 | Lair:1   | 10907 ||| INVOKING Heroism.
 11070 | Lair:1   | 11070 ||| Stepping ~*~*~tactically~*~*~ (stealth).
 11410 | Lair:2   | Found a staircase to the Shoals.
 11412 | Lair:2   | 11412 ||| INVOKING Heroism.
 11418 | Lair:2   | Reached XP level 12. HP: 73/73 MP: 14/17
 11437 | Lair:2   | 11437 ||| INVOKING Heroism.
 11452 | Lair:2   | Reached skill level 12 in Shields
 11548 | Lair:2   | 11548 ||| INVOKING Heroism.
 11552 | Lair:2   | Received a gift from Okawaru
 11873 | Lair:2   | 11873 ||| Stepping ~*~*~tactically~*~*~ (stealth).
 11880 | Lair:2   | 11880 ||| Stepping ~*~*~tactically~*~*~ (hiding).
 11887 | Lair:2   | Found a staircase to the Snake Pit.
 11890 | Lair:2   | 11890 ||| INVOKING Heroism.
 12039 | Lair:2   | 12039 ||| INVOKING Heroism.
 12125 | Lair:2   | 12125 ||| READING scroll of enchant armour.
 12125 | Lair:2   | 12125 ||| ENCHANTING +0 pair of gloves.
 12248 | Lair:2   | 12248 ||| READING scroll labelled CODIFUI TAEPOFE.
 12265 | Lair:3   | 12265 ||| INVOKING Heroism.
 12267 | Lair:3   | Noticed Amaemon
 12270 | Lair:3   | Reached skill level 9 in Invocations
 12273 | Lair:3   | 12273 ||| DRINKING 3 potions of curing.
 12273 | Lair:3   | 12273 ||| (to cure confusion)
 12283 | Lair:3   | Killed Amaemon
 12283 | Lair:3   | Reached ***** piety under Okawaru
 12320 | Lair:3   | 12320 ||| INVOKING Heroism.
 12321 | Lair:3   | 12321 ||| INVOKING Finesse.
 12470 | Lair:3   | Noticed a death yak
 12470 | Lair:3   | Noticed a death yak
 12470 | Lair:3   | Noticed a death yak
 12471 | Lair:3   | 12471 ||| INVOKING Heroism.
 12472 | Lair:3   | 12472 ||| INVOKING Finesse.
 12472 | Lair:3   | Noticed a death yak
 12473 | Lair:3   | Noticed a death yak
 12474 | Lair:3   | 12474 ||| Stepping ~*~*~tactically~*~*~ (stealth).
 12475 | Lair:3   | 12475 ||| Stepping ~*~*~tactically~*~*~ (stealth).
 12483 | Lair:3   | Noticed a death yak
 12484 | Lair:3   | 12484 ||| Stepping ~*~*~tactically~*~*~ (stealth).
 12485 | Lair:3   | Killed a death yak
 12494 | Lair:3   | Killed a death yak
 12495 | Lair:3   | Killed a death yak
 12501 | Lair:3   | Killed a death yak
 12505 | Lair:3   | Killed a death yak
 12505 | Lair:3   | Identified the +4 robe "Xablitt" {Rampage Regen+} (Okawaru
                  | gifted it to you on level 3 of the Lair of Beasts)
 12505 | Lair:3   | Received a gift from Okawaru
 12507 | Lair:3   | Killed a death yak
 12508 | Lair:3   | Reached XP level 13. HP: 70/79 MP: 15/20
 12604 | Lair:3   | 12604 ||| INVOKING Heroism.
 12936 | Lair:3   | 12936 ||| INVOKING Heroism.
 12937 | Lair:3   | 12937 ||| INVOKING Finesse.
 12939 | Lair:3   | 12939 ||| SWAPPING to +2 hand axe of flaming.
 12947 | Lair:3   | 12947 ||| SWAPPING to +9 broad axe "Nafido" {vorpal, rElec
                  | Dex-2 Stlth+}.
 12987 | Lair:3   | 12987 ||| INVOKING Heroism.
 12988 | Lair:3   | 12988 ||| INVOKING Finesse.
 12990 | Lair:3   | 12990 ||| SWAPPING to +2 hand axe of flaming.
 12999 | Lair:3   | Reached skill level 9 in Fighting
 12999 | Lair:3   | 12999 ||| SWAPPING to +9 broad axe "Nafido" {vorpal, rElec
                  | Dex-2 Stlth+}.
 13172 | Lair:3   | 13172 ||| INVOKING Heroism.
 13476 | Lair:3   | 13476 ||| DROPPING amulet of guardian spirit.
 13477 | Lair:3   | 13477 ||| UPGRADING to +4 ring of protection.
 13479 | Lair:3   | 13479 ||| UPGRADING to ring of willpower.
 13481 | Lair:3   | 13481 ||| UPGRADING to ring of protection from fire.
 13624 | Lair:4   | 13624 ||| Stepping ~*~*~tactically~*~*~ (stealth).
 13625 | Lair:4   | 13625 ||| Stepping ~*~*~tactically~*~*~ (stealth).
 13639 | Lair:4   | 13639 ||| INVOKING Heroism.
 13687 | Lair:4   | 13687 ||| Stepping ~*~*~tactically~*~*~ (stealth).
 13689 | Lair:4   | 13689 ||| INVOKING Heroism.
 13690 | Lair:4   | 13690 ||| Stepping ~*~*~tactically~*~*~ (stealth).
 13703 | Lair:4   | 13703 ||| Stepping ~*~*~tactically~*~*~ (hiding).
 13834 | Lair:4   | 13834 ||| Stepping ~*~*~tactically~*~*~ (hiding).
 14018 | Lair:4   | 14018 ||| Stepping ~*~*~tactically~*~*~ (stealth).
 14310 | Lair:4   | 14310 ||| Stepping ~*~*~tactically~*~*~ (stealth).
 14311 | Lair:4   | 14311 ||| Stepping ~*~*~tactically~*~*~ (stealth).
 14618 | Lair:4   | 14618 ||| INVOKING Heroism.
 14648 | Lair:4   | 14648 ||| DROPPING amulet of the acrobat.
 14660 | Lair:5   | Entered Level 5 of the Lair of Beasts
 14677 | Lair:5   | 14677 ||| INVOKING Heroism.
 14678 | Lair:5   | 14678 ||| INVOKING Finesse.
 14680 | Lair:5   | 14680 ||| SWAPPING to +2 hand axe of flaming.
 14686 | Lair:5   | Reached skill level 12 in Axes
 14697 | Lair:5   | 14697 ||| SWAPPING to +9 broad axe "Nafido" {vorpal, rElec
                  | Dex-2 Stlth+}.
 14751 | Lair:5   | 14751 ||| INVOKING Heroism.
 14752 | Lair:5   | 14752 ||| INVOKING Finesse.
 14754 | Lair:5   | 14754 ||| SWAPPING to +2 hand axe of flaming.
 14767 | Lair:5   | 14767 ||| SWAPPING to +9 broad axe "Nafido" {vorpal, rElec
                  | Dex-2 Stlth+}.
 14822 | Lair:5   | 14822 ||| INVOKING Heroism.
 14823 | Lair:5   | 14823 ||| Stepping ~*~*~tactically~*~*~ (stealth).
 14840 | Lair:5   | Received a gift from Okawaru
 14843 | Lair:5   | 14843 ||| DROPPING +0 broad axe of freezing.
 14844 | Lair:5   | Found a staircase to the Slime Pits.
 14908 | Lair:5   | 14908 ||| INVOKING Heroism.
 15012 | Lair:5   | 15012 ||| INVOKING Heroism.
 15054 | Lair:5   | 15054 ||| INVOKING Heroism.
 15107 | Lair:5   | 15107 ||| INVOKING Heroism.
 15219 | Lair:5   | 15219 ||| Stepping ~*~*~tactically~*~*~ (hiding).
 15247 | Lair:5   | 15247 ||| INVOKING Heroism.
 15257 | Lair:5   | Gained mutation: Your large and strong wings let you fly.
                  | [Gargoyle growth]
 15257 | Lair:5   | Reached XP level 14. HP: 88/88 MP: 19/21
 15272 | Lair:5   | 15272 ||| Stepping ~*~*~tactically~*~*~ (hiding).
 15324 | Lair:5   | 15324 ||| Stepping ~*~*~tactically~*~*~ (stealth).
 15340 | Lair:5   | 15340 ||| INVOKING Heroism.
 15421 | Lair:5   | 15421 ||| Stepping ~*~*~tactically~*~*~ (stealth).
 15422 | Lair:5   | 15422 ||| Stepping ~*~*~tactically~*~*~ (stealth).
 15447 | Lair:5   | 15447 ||| Stepping ~*~*~tactically~*~*~ (hiding).
 15451 | Lair:5   | 15451 ||| Stepping ~*~*~tactically~*~*~ (stealth).
 15495 | Lair:5   | 15495 ||| Stepping ~*~*~tactically~*~*~ (stealth).
 15502 | Lair:5   | 15502 ||| Stepping ~*~*~tactically~*~*~ (stealth).
 15515 | Lair:5   | 15515 ||| Stepping ~*~*~tactically~*~*~ (stealth).
 15519 | Lair:5   | 15519 ||| INVOKING Heroism.
 15647 | Lair:5   | 15647 ||| Stepping ~*~*~tactically~*~*~ (hiding).
 15652 | Lair:5   | Reached skill level 15 in Shields
 15742 | Lair:5   | 15742 ||| Stepping ~*~*~tactically~*~*~ (stealth).
 15790 | Lair:5   | Identified the +2 hat "Allyl" {Contam Harm rElec Str+2
                  | Int+6} (Okawaru gifted it to you on level 5 of the Lair of
                  | Beasts)
 15790 | Lair:5   | Received a gift from Okawaru
 15809 | Lair:5   | 15809 ||| FLEEEEING.
 15810 | Lair:5   | 15810 ||| FLEEEEING.
 15811 | Lair:5   | 15811 ||| FLEEEEING.
 15812 | Lair:5   | 15812 ||| FLEEEEING.
 15813 | Lair:5   | 15813 ||| FLEEEEING.
 15814 | Lair:5   | 15814 ||| FLEEEEING.
 15817 | Lair:5   | 15817 ||| FLEEEEING.
 15818 | Lair:5   | 15818 ||| FLEEEEING.
 15819 | Lair:5   | 15819 ||| FLEEEEING.
 15820 | Lair:5   | 15820 ||| FLEEEEING.
 15821 | Lair:5   | 15821 ||| INVOKING Heroism.
 15835 | Lair:5   | Reached skill level 9 in Armour
 15947 | Lair:5   | 15947 ||| Stepping ~*~*~tactically~*~*~ (hiding).
 15986 | Lair:5   | Found a corrupted altar of Lugonu.
 15986 | Lair:5   | Found a one-way gate to the infinite horrors of the Abyss.
 16314 | Lair:5   | 16314 ||| INVOKING Heroism.
 16405 | Lair:5   | 16405 ||| INVOKING Heroism.
 16406 | Lair:5   | 16406 ||| INVOKING Finesse.
 16408 | Lair:5   | 16408 ||| SWAPPING to +2 hand axe of flaming.
 16420 | Lair:5   | 16420 ||| SWAPPING to +9 broad axe "Nafido" {vorpal, rElec
                  | Dex-2 Stlth+}.
 16607 | Lair:5   | 16607 ||| PLANNING D:1-11
 16607 | Lair:5   | 16607 ||| DROPPING +2 hat "Allyl" {Contam Harm rElec Str+2
                  | Int+6}.
 16608 | Lair:5   | 16608 ||| DROPPING +1 pair of gloves.
 16609 | Lair:5   | 16609 ||| DRINKING 2 sapphire potions.
 16609 | Lair:5   | Reached XP level 15. HP: 92/92 MP: 22/22
 16610 | Lair:5   | 16610 ||| DRINKING potion of experience.
 16610 | Lair:5   | Reached XP level 16. HP: 97/97 MP: 23/23
 16611 | Lair:5   | 16611 ||| READING 14 scrolls of identify.
 16611 | Lair:5   | 16611 ||| IDENTIFYING bubbling brown potion
 16612 | Lair:5   | 16612 ||| DROPPING potion of invisibility.
 16641 | Lair:5   | 16641 ||| Stepping ~*~*~tactically~*~*~ (stealth).
 16644 | Lair:5   | 16644 ||| Stepping ~*~*~tactically~*~*~ (stealth).
 16794 | D:11     | 16794 ||| STAIRDANCE
 16929 | D:11     | 16929 ||| READING scroll of acquirement.
 16929 | D:11     | 16929 ||| ACQUIRING ring "Doicealy" {rElec Dex+6}
 16929 | D:11     | Acquired the ring "Doicealy" {rElec Dex+6}
 16931 | D:11     | 16931 ||| DROPPING ring of willpower.
 17043 | D:11     | 17043 ||| Stepping randomly (disturbance).
 17113 | D:11     | 17113 ||| Stepping ~*~*~tactically~*~*~ (stealth).
 17376 | D:11     | 17376 ||| PLANNING D
 17376 | D:11     | 17376 ||| READING scroll labelled KIETSY SATO.
 17401 | D:12     | 17401 ||| DRINKING 3 potions of curing.
 17401 | D:12     | 17401 ||| (to cure confusion)
 17458 | D:12     | 17458 ||| FLEEEEING.
 17459 | D:12     | 17459 ||| FLEEEEING.
 17460 | D:12     | 17460 ||| FLEEEEING.
 17461 | D:12     | 17461 ||| FLEEEEING.
 17476 | D:12     | 17476 ||| FLEEEEING.
 17477 | D:12     | 17477 ||| FLEEEEING.
 17491 | D:12     | 17491 ||| FLEEEEING.
 17492 | D:12     | 17492 ||| STAIRDANCE
 17562 | D:12     | Reached skill level 3 in Throwing
 17562 | D:12     | 17562 ||| STAIRDANCE
 17661 | D:12     | 17661 ||| INVOKING Heroism.
 17677 | D:12     | 17677 ||| INVOKING Heroism.
 17719 | D:12     | 17719 ||| Stepping ~*~*~tactically~*~*~ (hiding).
 17828 | D:12     | Found a frozen archway.
 17839 | D:12     | Noticed Erolcha
 17841 | D:12     | 17841 ||| Stepping ~*~*~tactically~*~*~ (hiding).
 17868 | D:12     | 17868 ||| Stepping ~*~*~tactically~*~*~ (hiding).
 17883 | D:12     | Killed Erolcha
 18175 | D:13     | Found Zyjaf's Antique Armour Shop.
 18183 | D:13     | 18183 ||| BUYING runed chain mail (217 gold).
 18183 | D:13     | Bought a runed chain mail for 217 gold pieces
 18183 | D:13     | 18183 ||| BUYING runed scale mail (203 gold).
 18183 | D:13     | Bought a runed scale mail for 203 gold pieces
 18204 | D:13     | Found a gate to the Vaults.
 18205 | D:13     | 18205 ||| INVOKING Heroism.
 18456 | D:13     | Found Riostau's Assorted Antiques.
 18523 | D:13     | Found Qurrolog's Weapon Shoppe.
 18841 | D:13     | 18841 ||| Stepping ~*~*~tactically~*~*~ (hiding).
 18844 | D:13     | 18844 ||| Stepping ~*~*~tactically~*~*~ (hiding).
 18852 | D:13     | 18852 ||| INVOKING Heroism.
 18854 | D:13     | 18854 ||| READING 5 scrolls of teleportation.
 18886 | D:13     | 18886 ||| Stepping ~*~*~tactically~*~*~ (hiding).
 18891 | D:13     | Reached skill level 15 in Axes
 19020 | D:13     | 19020 ||| Stepping ~*~*~tactically~*~*~ (hiding).
 19096 | D:13     | 19096 ||| INVOKING Heroism.
 19279 | D:13     | 19279 ||| SHOPLISTING dazzling plate armour (672 gold, have
                  | 425).
 19279 | D:13     | 19279 ||| BUYING potion of curing (72 gold).
 19279 | D:13     | Bought a potion of curing for 72 gold pieces
 19279 | D:13     | 19279 ||| BUYING potion of haste (240 gold).
 19279 | D:13     | Bought a potion of haste for 240 gold pieces
 19279 | D:13     | 19279 ||| SHOPLISTING scroll of acquirement (1248 gold,
                  | have 113).
 19279 | D:13     | 19279 ||| SHOPLISTING scroll of blinking (180 gold, have
                  | 113).
 19279 | D:13     | 19279 ||| DROPPING +0 scale mail of cold resistance.
 19280 | D:13     | 19280 ||| UPGRADING to +2 chain mail of cold resistance.
 19290 | D:13     | 19290 ||| DROPPING +0 chain mail.
 19291 | D:13     | 19291 ||| DROPPING +0 scale mail of cold resistance.
 19292 | D:13     | 19292 ||| DROPPING +2 hat.
 19293 | D:13     | 19293 ||| DROPPING amulet of regeneration.
 19430 | D:14     | 19430 ||| INVOKING Heroism.
 19431 | D:14     | HP: 24/100 [white very ugly thing (20)]
 19432 | D:14     | 19432 ||| READING 4 scrolls of teleportation.
 19433 | D:14     | 19433 ||| DRINKING 4 potions of heal wounds.
 19649 | D:14     | 19649 ||| Stepping ~*~*~tactically~*~*~ (stealth).
 19651 | D:14     | 19651 ||| Stepping ~*~*~tactically~*~*~ (stealth).
 19654 | D:14     | 19654 ||| Stepping ~*~*~tactically~*~*~ (stealth).
 19663 | D:14     | Received a gift from Okawaru
 19666 | D:14     | Noticed Wociock's ghost (journeyman DgHW)
 19714 | D:14     | 19714 ||| INVOKING Heroism.
 19771 | D:14     | 19771 ||| INVOKING Heroism.
 19925 | D:14     | Found a transporter.
 19927 | D:14     | Found a blossoming altar of Fedhas.
 19936 | D:14     | Found a transporter.
 19979 | D:14     | 19979 ||| Stepping ~*~*~tactically~*~*~ (hiding).
 20127 | D:14     | Received a gift from Okawaru
 20349 | D:14     | 20349 ||| READING 3 scrolls of teleportation.
 20480 | D:14     | 20480 ||| INVOKING Heroism.
 20670 | D:14     | Noticed a tengu reaver
 20671 | D:14     | 20671 ||| Stepping ~*~*~tactically~*~*~ (hiding).
 20674 | D:14     | 20674 ||| INVOKING Heroism.
 20684 | D:14     | HP: 15/100 [tengu reaver/bolt of acid (25)]
 20685 | D:14     | 20685 ||| READING 2 scrolls of teleportation.
 20686 | D:14     | 20686 ||| DRINKING 3 potions of heal wounds.
 20967 | D:14     | 20967 ||| INVOKING Heroism.
 20968 | D:14     | 20968 ||| SWAPPING to +2 hand axe of flaming.
 20980 | D:14     | Reached skill level 3 in Dodging
 20980 | D:14     | Reached XP level 17. HP: 103/105 MP: 22/24
 20980 | D:14     | 20980 ||| SWAPPING to +9 broad axe "Nafido" {vorpal, rElec
                  | Dex-2 Stlth+}.
 21148 | D:14     | 21148 ||| INVOKING Heroism.
 21162 | D:14     | HP: 11/106 [tengu reaver/bolt of acid (29)]
 21163 | D:14     | 21163 ||| READING scroll of teleportation.
 21163 | D:14     | HP: 4/106 [tengu reaver/the +3 Elemental Staff {rElec rF++
                  | rC++ AC+5} (7)]
 21164 | D:14     | 21164 ||| DRINKING 2 potions of heal wounds.
 21472 | D:14     | 21472 ||| Stepping ~*~*~tactically~*~*~ (hiding).
 21473 | D:14     | 21473 ||| Stepping ~*~*~tactically~*~*~ (hiding).
 21476 | D:14     | 21476 ||| INVOKING Heroism.
 21792 | D:14     | Reached skill level 12 in Fighting
 21804 | D:14     | 21804 ||| INVOKING Heroism.
 21986 | D:14     | 21986 ||| Stepping ~*~*~tactically~*~*~ (hiding).
 22005 | D:14     | Received a gift from Okawaru
 22107 | D:15     | Entered Level 15 of the Dungeon
 22108 | D:15     | 22108 ||| INVOKING Heroism.
 22112 | D:15     | 22112 ||| STAIRDANCE
 22171 | D:15     | 22171 ||| Stepping ~*~*~tactically~*~*~ (hiding).
 22183 | D:15     | 22183 ||| INVOKING Heroism.
 22189 | D:15     | Reached skill level 6 in Throwing
 22522 | D:15     | Identified Roxanne's Omnibus of Moulding
 22522 | D:15     | Noticed Roxanne
 22523 | D:15     | 22523 ||| INVOKING Heroism.
 22524 | D:15     | 22524 ||| INVOKING Finesse.
 22527 | D:15     | Noticed Josephine
 22542 | D:15     | Killed Roxanne
 22545 | D:15     | Killed Josephine
 22582 | D:15     | Found an iron altar of Okawaru.
 22617 | D:15     | 22617 ||| INVOKING Heroism.
 22619 | D:15     | Noticed Kirke
 22645 | D:15     | Killed Kirke
 22649 | D:15     | HP: 22/106 [skeletal warrior/+0 halberd (6)]
 22650 | D:15     | 22650 ||| DRINKING potion of heal wounds.
 22654 | D:15     | Received a gift from Okawaru
 22655 | D:15     | HP: 13/106 [skeletal warrior/+2 trident of venom (6)]
 22655 | D:15     | HP: 5/106 [rakshasa/+0 whip (8)]
 22656 | D:15     | Slain by an ogre mage

Levels and vault maps discovered:
D:1:      lightli_arrival_boilingwater, layout_basic, serial_shops,
          nicolae_shop_stone, hangedman_decor_clover_reticule,
          minmay_rat_gold_closets
D:2:      layout_basic, uniq_terence
D:3:      layout_basic, minitemple
D:4:      layout_loops_cross, zin_scriptorium, hellmonk_ghost_happy_afterlife,
          uniq_robin
D:5:      layout_rooms, uniq_grinder, uniq_eustachio
D:6:      layout_cave_pods, minmay_temple_entry_overgrown
D:7:      layout_basic, serial_shops,
          nicolae_shop_temple_entry_statues_fountains, minmay_puff, uniq_duvessa
D:8:      minmay_s_stair_smasher, layout_cave_pools, serial_shops,
          nicolae_take_the_stairs, minmay_misc_feat_diagonals,
          nicolae_figureground_sparkle
D:9:      layout_basic, serial_shops, shop_coins, shop_fountains,
          nicolae_shop_behind_doors, reono_crystal_passage
D:10:     layout_loops_ring, grunt_lair_entry_orc_guard_hut, orc_0_dummy,
          lightli_fourway_metalbox
D:11:     layout_cave_pools
D:12:     layout_rooms, portal_ice_cave_rime, uniq_erolcha
D:13:     layout_roguey, lightli_vaults_fourway_checkpoint, serial_shops,
          nicolae_shop_behind_doors, nicolae_inconvenience_store,
          shop_fountains, kennysheep_generic_room_10
D:14:     layout_irregular_city, gammafunk_ghost_arena, fedhas_altar_1,
          dilly_guarded_unrand_elemental_staff
D:15:     gammafunk_enter_depths_forms, layout_grid_maze,
          nicolae_trove_entry_free_sample, nicolae_kite_square_tiling_tiny,
          okawaru_metal_pillars_3, uniq_josephine, uniq_kirke, uniq_roxanne
Temple:   compressed_dpeg_triangle_lava_temple
Lair:1:   layout_chaotic_city, nicolae_quartered_pool_medium,
          beast_lair_carwin_4, grunt_megastairs_1
Lair:2:   layout_long_grid, elwin_shoals_entry_stream,
          minmay_snake_entry_guardpost_small, chequers_serial_rivers_micro_c,
          infiniplex_staircase_pool, lemuel_fruit_tree, serial_bayou_shore_a
Lair:3:   layout_cave_pods, uniq_amaemon
Lair:4:   layout_cave_pods, grunt_megastairs_4
Lair:5:   hellmonk_lair_end_abyssal_woods, layout_hall_layers,
          nicolae_slime_entry_slimehenge, grunt_megastairs_3

Skill      XL: |  1  2  3  4  5  6  7  8  9 10 11 12 13 14 15 16 17 |
---------------+----------------------------------------------------+-----
Axes           | 2 3 4 5 6 7 8 9 10 11 12 14 15 16 | 16.0
Fighting       | 4 5 6 7 8 10 11 12 | 12.0
Dodging        | 1 2 3 |  3.0
Shields        | 4 7 11 13 14 15 16 | 16.9
Armour         | 6 7 8 9 10 | 10.0
Throwing       | 1 4 6 |  6.0
Invocations    | 4 7 10 | 10.0

Action                   |  1- 3 |  4- 6 |  7- 9 | 10-12 | 13-15 | 16-18 || total
-------------------------+-------+-------+-------+-------+-------+-------++-------
Melee: War axe           |    81 |     9 |       |       |       |       ||    90
       Broad axe         |       |    87 |   149 |   379 |   289 |   440 ||  1344
       Hand axe          |       |       |       |     8 |    47 |    11 ||    66
Throw: Boomerang         |       |       |    19 |    62 |    98 |    18 ||   197
       Javelin           |       |       |       |       |       |    42 ||    42
Invok: Heroism           |       |       |     1 |    26 |    20 |    18 ||    65
       Finesse           |       |       |       |     2 |     5 |     1 ||     8
  Use: Scroll            |     2 |     9 |    11 |     7 |       |     8 ||    37
       Potion            |     1 |     2 |     1 |     4 |     2 |     5 ||    15
Armor: Scale mail        |    39 |    37 |    57 |       |       |       ||   133
       Chain mail        |       |       |    14 |   143 |   100 |   198 ||   455
Dodge: Dodged            |    31 |    33 |    46 |    60 |    36 |    74 ||   280
Block: Buckler           |    11 |    38 |    58 |    32 |       |       ||   139
       Reflection        |       |       |     2 |     8 |     3 |    28 ||    41
       Tower shield      |       |       |       |   264 |   297 |   444 ||  1005

Table legend:
 A = Non-vault XP
 B = Vault XP
 C = Vault XP percentage of total XP
 D = Non-vault monster count
 E = Vault monster count
 F = Vault count percentage of total count
                 A         B        C        D         E       F
            +---------+---------+-------+---------+---------+-------
      Total |   81339 |   47893 |  37.1 |     395 |     156 |  28.3
            +---------+---------+-------+---------+---------+-------
        D:1 |      25 |       9 |  26.5 |      14 |       9 |  39.1
        D:2 |      23 |      32 |  58.2 |       7 |       1 |  12.5
        D:3 |      88 |       0 |   0.0 |      16 |       0 |   0.0
        D:4 |     109 |      35 |  24.3 |      18 |      12 |  40.0
        D:5 |    1314 |     497 |  27.4 |      35 |       2 |   5.4
        D:6 |     454 |       0 |   0.0 |      11 |       0 |   0.0
        D:7 |    1200 |     395 |  24.8 |      23 |       5 |  17.9
        D:8 |     996 |    1398 |  58.4 |      27 |      14 |  34.1
        D:9 |    1120 |       0 |   0.0 |      10 |       0 |   0.0
       D:10 |    2650 |    2957 |  52.7 |      18 |       9 |  33.3
       D:11 |    3689 |       0 |   0.0 |      11 |       0 |   0.0
       D:12 |    2912 |    1632 |  35.9 |      14 |       3 |  17.6
       D:13 |    5438 |    7842 |  59.1 |      10 |      13 |  56.5
       D:14 |    9045 |    9404 |  51.0 |      17 |      13 |  43.3
       D:15 |   16671 |    6175 |  27.0 |      41 |      13 |  24.1
     Lair:1 |    3806 |    1046 |  21.6 |      17 |       6 |  26.1
     Lair:2 |    3026 |    2344 |  43.6 |      16 |       8 |  33.3
     Lair:3 |   10691 |    1175 |   9.9 |      22 |       2 |   8.3
     Lair:4 |    5221 |     872 |  14.3 |      24 |       3 |  11.1
     Lair:5 |   12861 |   12080 |  48.4 |      44 |      43 |  49.4
            +---------+---------+-------+---------+---------+-------
